 Dungeon Crawl Stone Soup version 0.24-a0-335-g06ca16af6c (webtiles) character file.

Game seed: 2568176206724715093

392 HAL9000 the Cutter (level 6, -3/30 HPs)
             Began as a Vine Stalker Assassin on May 19, 2019.
             Was an Initiate of Dithmenos.
             Splashed by Pikel's acid (12 damage)
             ... on level 4 of the Dungeon.
             The game lasted 00:07:51 (3469 turns).

HAL9000 the Cutter (Vine Stalker Assassin)          Turns: 3469, Time: 00:07:53

Health: -3/30      AC:  5    Str: 17    XL:     6   Next: 81%
Magic:  0/7        EV: 11    Int: 12    God:    Dithmenos [......]
Gold:   245        SH:  5    Dex: 21    Spells: 5/5 levels left

rFire    . . .     SeeInvis .   w - +4 dagger
rCold    . . .     Gourm    .   v - +0 buckler
rNeg     . . .     Faith    .   k - +0 leather armour
rPois    .         Spirit   +   t - +0 helmet
rElec    .         Reflect  .   c - +0 cloak
rCorr    .         Harm     .   (no gloves)
MR       .....                  (no boots)
Stlth    +++.......             (no amulet)
HPRegen  0.50/turn              i - +3 ring of strength
MPRegen  0.10/turn              s - +5 ring of dexterity

@: no status effects
A: fangs 2, regeneration 1, magic shield, antimagic bite, no potion heal 3, rot
immunity
a: Renounce Religion


You were on level 4 of the Dungeon.
You worshipped Dithmenos.
Dithmenos was noncommittal.
You were not hungry.

You visited 2 branches of the dungeon, and saw 5 of its levels.

You collected 245 gold pieces.

Inventory:

Hand Weapons
 w - a +4 dagger (weapon)
Missiles
 d - 28 poisoned darts
 e - 2 curare-tipped darts (quivered)
Armour
 c - a +0 cloak (worn)
 k - a +0 leather armour (worn)
 t - a +0 helmet (worn)
 v - a +0 buckler (worn)
Jewellery
 b - an uncursed ring of positive energy
 i - a +3 ring of strength (left hand)
 s - a +5 ring of dexterity (right hand)
Wands
 x - a wand of random effects (23)
 y - a wand of polymorph (3)
Scrolls
 a - a scroll of magic mapping {unknown}
 g - 6 scrolls of identify {unknown}
 h - a scroll of teleportation {unknown}
 j - 3 scrolls of enchant weapon {unknown}
 l - 3 scrolls of amnesia {unknown}
 m - 3 scrolls of remove curse {unknown}
 n - a scroll of fear {unknown}
 o - 3 scrolls of immolation {unknown}
 p - a scroll of noise {unknown}
Potions
 q - a potion of haste {unknown}
 u - a potion of flight {unknown}
Comestibles
 f - 10 rations
 r - a chunk of flesh


   Skills:
 - Level 1.7 Fighting
 + Level 6.2 Short Blades
 - Level 1.7 Throwing
 - Level 0.7 Dodging
 - Level 4.8 Stealth
 * Level 1.1 Shields


You had 5 spell levels left.
You didn't know any spells.
Your spell library contained the following spells:

 Spells                   Type           Power        Failure   Level  Hunger
 Beastly Appendage        Tmut           #.....       52%         1    ##.....
 Magic Dart               Conj           #...         52%         1    ##.....
 Blink                    Tloc           N/A          65%         2    ###....
 Call Imp                 Summ           #.......     65%         2    ###....
 Slow                     Hex            #.......     65%         2    ###....
 Sticks to Snakes         Tmut           #.......     65%         2    ###....
 Conjure Flame            Conj/Fire      #.......     87%         3    ####...
 Mephitic Cloud           Conj/Pois/Air  #.......     87%         3    ####...
 Spider Form              Tmut/Pois      #.........   87%         3    ####...
 Ice Form                 Ice/Tmut       #.......     99%         4    #####..
 Blade Hands              Tmut           #.........   100%        5    ######.


Dungeon Overview and Level Annotations

Branches:
Dungeon (4/15)             Temple (1/1) D:4

Altars:
Ashenzari
Cheibriados
Dithmenos
Elyvilon
Fedhas
Gozag
Hepliaklqana
Kikubaaqudgha
Makhleb
Nemelex Xobeh
Okawaru
Qazlal
Sif Muna
Uskayaw
Vehumet
Wu Jian
Zin
The Shining One

Annotations:
D:4 Pikel


Innate Abilities, Weirdness & Mutations

You have extremely sharp teeth.
Your natural rate of healing is unusually fast.
When hurt, damage is shared between your health and your magic reserves.
Your bite disrupts and absorbs the magic of your enemies.
Potions cannot restore your health.
You are immune to rotting.


Message History

Pikel the Slaver comes into view.
He is wielding a +0 whip of electrocution and carrying a wand of acid (5).
The slave hits you.
Pikel shouts!
You hit the slave. You bite the slave. You drain its power.
You feel invigorated.
The slave is almost dead.
You hear a shout!
You hit the slave but do no damage. Your bite misses the slave.
The slave is almost dead.
The slave barely misses you.
You closely miss the slave.
The slave is almost dead.
The slave hits you but does no damage.
You puncture the slave!
You kill the slave!
That felt strangely unrewarding.
Pikel zaps a wand.
The bolt of acid hits you!!
Ouch! That really hurt!
* * * LOW HITPOINT WARNING * * *
You are splashed with acid!
You die...

#...# ##### #...#
..... #...#####..
##### #.........#
#...#########
#######
#...K........
....... #....p######
...#### #...#.#
#...#@#####
#.........# ....
###.....#.# #....#
#.#.#...###.....#
#.#...#...#.....#
#.###...........####
#..#................
#..........>...###.
###.............#..


You could see Pikel and a slave.

Vanquished Creatures
  Sigmund (D:2)
  2 slaves (D:4)
  Ijyb (D:3)
  An iguana (D:4)
  Robin (D:3)
  3 gnolls
  A howler monkey skeleton (D:4)
  5 adders
  An ooze (D:2)
  A worm (D:3)
  2 dart slugs
  2 leopard geckos
  2 orcs (D:3)
  4 bats
  5 giant cockroaches
  17 goblins
  7 hobgoblins
  2 jackals (D:2)
  3 quokkas
  3 ball pythons
  5 frilled lizards
  2 jackal skeletons
  6 kobolds
  7 rats
84 creatures vanquished.

Notes
Turn   | Place    | Note
-------+----------+-------------------------------------------
     0 | D:1      | HAL9000 the Vine Stalker Assassin began the quest for the
                  | Orb.
     0 | D:1      | Reached XP level 1. HP: 11/11 MP: 2/2
    14 | D:1      | Reached skill level 2 in Short Blades
   102 | D:1      | Reached XP level 2. HP: 15/15 MP: 3/3
   291 | D:1      | Reached skill level 3 in Short Blades
   407 | D:1      | Reached XP level 3. HP: 18/18 MP: 4/4
   936 | D:2      | Gained mutation: Your natural rate of healing is unusually
                  | fast. [Vine Stalker growth]
   936 | D:2      | Reached XP level 4. HP: 12/23 MP: 5/5
  1122 | D:2      | Reached skill level 4 in Short Blades
  1513 | D:2      | Noticed Sigmund
  1596 | D:2      | Killed Sigmund
  1596 | D:2      | Reached skill level 5 in Short Blades
  1596 | D:2      | Reached XP level 5. HP: 26/26 MP: 6/6
  1596 | D:2      | Reached XP level 6. HP: 30/30 MP: 7/7
  2526 | D:4      | Noticed Robin
  2704 | D:3      | Killed Robin
  2803 | D:4      | Found a staircase to the Ecumenical Temple.
  2805 | D:4      | Noticed Ijyb
  2832 | D:3      | Killed Ijyb
  2853 | D:4      | Reached skill level 6 in Short Blades
  2990 | D:4      | Noticed a slave
  3003 | Temple   | Entered the Ecumenical Temple
  3222 | Temple   | Became a worshipper of Dithmenos the Shadowed
  3292 | D:4      | Reached skill level 1 in Shields
  3432 | D:4      | Noticed a slave
  3433 | D:4      | Noticed a slave
  3460 | D:4      | Killed a slave
  3465 | D:4      | Noticed Pikel
  3469 | D:4      | Killed a slave
  3469 | D:4      | Splashed by Pikel's acid

Levels and vault maps discovered:
D:1:      onia_arrival_larder, layout_basic, minmay_misc_feat_tower,
          minmay_tromino_v4_c
D:2:      layout_basic, first_ration, uniq_sigmund
D:3:      layout_loops_cross
D:4:      layout_rooms, minmay_temple_entry_arrows, uniq_robin, uniq_pikel,
          uniq_ijyb
Temple:   dpeg_five_rooms_temple

Skill      XL: |  1  2  3  4  5  6 |
---------------+-------------------+-----
Short Blades   | 2 3 5 6 |  6.2
Shields        | 1 |  1.1
Fighting       | |  1.7
Throwing       | |  1.7
Dodging        | |  0.7
Stealth        | |  4.8

Action                   |  1- 3 |  4- 6 || total
-------------------------+-------+-------++-------
Melee: Dagger            |    84 |   151 ||   235
       Bite              |    24 |    58 ||    82
Throw: Dart              |       |     3 ||     3
 Stab: Sleeping          |     6 |     6 ||    12
       Distracted        |       |     1 ||     1
  Eat: Chunk             |       |     8 ||     8
Armor: Robe              |    15 |       ||    15
       Leather armour    |    10 |    30 ||    40
Dodge: Dodged            |    45 |    68 ||   113
Block: Buckler           |       |    23 ||    23

Table legend:
 A = Non-vault XP
 B = Vault XP
 C = Vault XP percentage of total XP
 D = Non-vault monster count
 E = Vault monster count
 F = Vault count percentage of total count
                 A         B        C        D         E       F
            +---------+---------+-------+---------+---------+-------
      Total |     265 |     296 |  52.8 |      63 |      19 |  23.2
            +---------+---------+-------+---------+---------+-------
        D:1 |      33 |       8 |  19.5 |      20 |       6 |  23.1
        D:2 |      70 |     220 |  75.9 |      16 |       1 |   5.9
        D:3 |      62 |      65 |  51.2 |      17 |      10 |  37.0
        D:4 |     100 |       3 |   2.9 |      10 |       2 |  16.7
            +---------+---------+-------+---------+---------+-------
